 Dungeon Crawl Stone Soup version 0.17.1-3-g152610e (webtiles) character file.

77 Zolazor the Charmwright (level 4, 0/34 HPs)
             Began as a Merfolk Skald on Mar 16, 2016.
             Killed from afar by Sigmund (9 damage)
             ... with a puff of flame
             ... on level 2 of the Dungeon.
             The game lasted 00:10:51 (1838 turns).

Zolazor the Charmwright (Merfolk Skald)             Turns: 1838, Time: 00:10:52

Health: 0/34       AC:  6    Str: 11 (12) XL:     4   Next: 34%
Magic:  4/7        EV: 20    Int: 13      God:
Gold:   69         SH:  0    Dex: 19      Spells: 2 memorised, 4 levels left

rFire  . . .     SeeInvis .     a - +0 spear
rCold  . . .     Clarity  .     b - +0 leather armour
rNeg   . . .     SustAt   .     (no shield)
rPois  .         Gourm    .     (no helmet)
rElec  .         Spirit   .     (no cloak)
rCorr  .         Warding  .     (no gloves)
rMut   .         Stasis   .     (no boots)
MR     .....                    (no amulet)
Stlth  +++.......               p - +5 ring of slaying
                                h - +2 ring of evasion

@: agile, not resistant to hostile enchantments, fairly stealthy
A: change form in water, swift swim, thin metallic scales 1, clever 1, shaggy
fur 1
a: no special abilities


You were on level 2 of the Dungeon.
You were not hungry.

You visited 1 branch of the dungeon, and saw 2 of its levels.

You collected 69 gold pieces.

Inventory:

Hand Weapons
 a - a +0 spear (weapon)
Missiles
 e - 54 stones (quivered)
 g - 14 poisoned needles
Armour
 b - a +0 leather armour (worn)
 i - a cursed +0 shield
Jewellery
 h - a +2 ring of evasion (left hand)
 p - a +5 ring of slaying (right hand)
Scrolls
 f - 3 scrolls of identify
 j - a scroll of recharging
Books
 c - a book of Battle

   Spells                             Type                      Level
   a - Infusion                       Charms                       1
   b - Shroud of Golubria             Charms/Translocation         2
   c - Song of Slaying                Charms                       2
   d - Spectral Weapon                Hexes/Charms                 3
   e - Regeneration                   Charms/Necromancy            3
 n - a book of Cantrips

   Spells                             Type                      Level
   a - Corona                         Hexes                        1
   b - Animate Skeleton               Necromancy                   1
   c - Summon Small Mammal            Summoning                    1
   d - Apportation                    Translocation                1
Comestibles
 d - 2 bread rations
 l - 3 fruits


   Skills:
 + Level 2.4 Fighting
 + Level 3.6 Polearms
 + Level 0.2 Throwing
 + Level 1.3 Armour
 + Level 2.4 Dodging
 + Level 0.2 Stealth
 + Level 2.3 Spellcasting
 + Level 4.0 Charms


You had 4 spell levels left.
You knew the following spells:

 Your Spells              Type           Power        Failure   Level  Hunger
a - Infusion              Chrm           ##....       8%          1    #......
b - Song of Slaying       Chrm           ##......     12%         2    ###....


Dungeon Overview and Level Annotations

Branches:
Dungeon (2/15)

Altars:

Annotations:
D:2 Sigmund, Terence


Innate Abilities, Weirdness & Mutations

You revert to your normal form in water.
You are very nimble and swift while swimming.
You are partially covered in thin metallic scales (AC +2).
Your mind is acute. (Int +2)
You are covered in fur (AC +1).


Message History

Something tries to affect you, but you resist.
Something hits you.
As you read the scroll labeled ZOKKEU CUMUL, it crumbles to dust.
Your +0 spear glows pale magenta for a moment.
It was a scroll of random uselessness.
Your magical infusion is running out.
Terence looks scornfully at you.
You completely miss the kobold. The kobold hits you but does no damage.
You barely miss the kobold. Something hits you.
* * * LOW HITPOINT WARNING * * *
The kobold completely misses you.
You are no longer magically infusing your attacks.
A puff of flame appears from out of thin air!
The puff of flame hits the kobold.
The kobold dies!
A puff of flame appears from out of thin air!
The puff of flame misses you.
A puff of flame appears from out of thin air!
The puff of flame hits you!
You die...

..###.#'#########.#####.######.
....'.......@....................
....###.#@#########.######.#####.
....# # #.# ####.######.## #.
....# #.#)# #........##..# #.
...####'#.# #........###.## #.
..........# #........# #..# #.
..........######........# ##.###.
.........@......@.......# #.....
.........#######........####..##.
'#.......+ ..........†.'.....##†
.#.......# ####........###....#.
.#...[...# #........# #..#.#.
.#.......# #........# #..#.##
.........# #........# #..#.##
.#######.# #........# #.....#
.#.......# #........# #.##..#


You could see Terence.

Vanquished Creatures
  Ijyb (D:2)
  2 oozes (D:1)
  2 worms (D:2)
  2 giant geckos (D:1)
  A ball python (D:2)
  3 bats
  A giant cockroach (D:1)
  A goblin (D:1)
  2 hobgoblins
  3 jackals (D:2)
  10 kobolds
  4 rats (D:2)
32 creatures vanquished.

Vanquished Creatures (others)
  A kobold (D:2)
1 creature vanquished.

Grand Total: 33 creatures vanquished

Notes
Turn   | Place    | Note
--------------------------------------------------------------
     0 | D:1      | Zolazor the Merfolk Skald began the quest for the Orb.
     0 | D:1      | Reached XP level 1. HP: 16/16 MP: 3/3
   258 | D:1      | Reached XP level 2. HP: 15/22 MP: 5/5
   863 | D:1      | Reached XP level 3. HP: 15/27 MP: 1/6
   873 | D:1      | Learned a level 2 spell: Song of Slaying
  1325 | D:2      | Reached skill level 1 in Armour
  1389 | D:2      | Gained mutation: You are partially covered in thin metallic scales (AC +2). [potion of mutation]
  1389 | D:2      | Gained mutation: Your mind is acute. (Int +2) [potion of mutation]
  1389 | D:2      | Gained mutation: You are covered in fur (AC +1). [potion of mutation]
  1444 | D:2      | Noticed Ijyb
  1458 | D:2      | Killed Ijyb
  1458 | D:2      | Reached skill level 4 in Charms
  1458 | D:2      | Reached XP level 4. HP: 31/34 MP: 0/7
  1784 | D:2      | Noticed Sigmund
  1802 | D:2      | Noticed Terence
  1838 | D:2      | Killed from afar by Sigmund

Action                   |  1- 3 |  4- 6 || total
-------------------------+-------+-------++-------
Melee: Spear             |   112 |    38 ||   150
Throw: Stone             |    20 |       ||    20
 Cast: Infusion          |     9 |     1 ||    10
       Song of Slaying   |     4 |       ||     4
  Use: Potion            |     2 |     2 ||     4
       Scroll            |     1 |     1 ||     2
 Stab: Sleeping          |       |     1 ||     1
  Eat: Bread ration      |     1 |       ||     1
